 Dungeon Crawl Stone Soup version 0.28-a0-1235-g7c8fac35f0 (webtiles) character file.

Game seed: 15130890458265506696

3745 Zonian the Ducker (level 10, -3/63 HPs)
             Began as a Merfolk Venom Mage on Dec 24, 2021.
             Was an Initiate of Gozag.
             Slain by a four-headed hydra (9 damage)
             ... on level 8 of the Dungeon.
             The game lasted 00:49:12 (18384 turns).

Zonian the Ducker (Merfolk Venom Mage)             Turns: 18384, Time: 00:49:29

Health: -3/63      AC:  8    Str: 11    XL:     10   Next: 15%
Magic:  21/26      EV: 14    Int: 21    God:    Gozag
Gold:   395        SH:  4    Dex: 16    Spells: 8/18 levels left

rFire   + . .      SeeInvis +   e - +9 staff of Olgreb {rPois∞}
rCold   . . .      Faith    .   J - +0 buckler
rNeg    . . .      Spirit   .   G - +1 leather armour of Reisuoze {Rampage}
rPois   ∞          Reflect  .   (no helmet)
rElec   .          Harm     .   c - +1 cloak
rCorr   .          Rampage  +   (no gloves)
Will    .....                   u - +1 pair of boots
Stlth   ++++......              (no amulet)
HPRegen 0.20/turn               k - ring "Resyox" {rF+ Int+4 Dex+2 SInv Stlth+}
MPRegen 0.20/turn               t - ring of magical power

@: mighty, invisible
A: (nimble swimmer 2), mertail
a: Renounce Religion, Evoke the Staff of Olgreb, Potion Petition, Call Merchant,
Bribe Branch


You were on level 8 of the Dungeon.
You worshipped Gozag.
Gozag was aware of your devotion.
You visited 2 branches of the dungeon, and saw 9 of its levels.
You also visited: Sewer.

You collected 836 gold pieces.
You paid 441 gold pieces to Gozag.

Inventory:

Hand Weapons
 b - a +0 dagger
 e - the +9 staff of Olgreb (weapon) {rPois∞}
   (You acquired it on level 1 of the Dungeon)

   If the wielder is skilled in Evocations, they can envenom those struck by it,
   dealing poison damage which bypasses armour.
   It enhances your poison magic.
   It grants immunity to poison.
   It can be evoked to radiate toxic energy, with effectiveness depending on
   Evocations skill.
 j - a +3 dagger of draining
 l - a +2 whip of draining
 n - a +0 short sword of freezing
 p - a +4 falchion
 q - a +2 short sword of protection
 v - a +0 short sword of speed
 x - a +5 flail
 y - a +5 battleaxe
 D - a +3 dagger
 F - a +1 trident of freezing
 I - a +5 trident
 O - a +0 broad axe
Missiles
 g - 70 sling bullets
 r - 42 poisoned darts
 s - 4 curare-tipped darts
 B - 2 throwing nets
 H - 3 silver javelins
Armour
 a - a +0 robe
 c - a +1 cloak (worn)
 o - a +0 leather armour
 u - a +1 pair of boots (worn)
 C - a +0 ring mail
 G - the +1 leather armour of Reisuoze (worn) {Rampage}
   (You found it on level 6 of the Dungeon)

   Rampage:   It bestows one free step when moving towards enemies.
 J - a +0 buckler (worn)
Jewellery
 h - a ring of positive energy
 k - the ring "Resyox" (left hand) {rF+ Int+4 Dex+2 SInv Stlth+}
   (You acquired it on level 2 of the Dungeon)

   [ring of see invisible]

   Int:       It affects your intelligence (+4).
   Dex:       It affects your dexterity (+2).
   rF:        It protects you from fire.
   SInv:      It lets you see invisible.
   Stlth:     It makes you more stealthy.
 t - a ring of magical power (right hand)
 w - an amulet of faith
 M - a +6 ring of dexterity
Wands
 z - a wand of polymorph (7)
 E - a wand of flame (27)
 K - a wand of acid (3)
Scrolls
 d - 3 scrolls of identify
 f - 6 scrolls of teleportation
Potions
 i - 4 potions of magic
 m - 2 potions of mutation
 A - a potion of resistance
 L - a potion of haste
 N - a potion of heal wounds


   Skills:
 + Level 3.7 Staves
 + Level 6.9 Dodging
 + Level 6.4 Stealth
 + Level 1.3 Shields
 + Level 4.9 Spellcasting
 + Level 3.1 Conjurations
 + Level 3.5 Translocations
 - Level 6.0 Transmutations
 + Level 3.2 Air Magic
 + Level 6.2 Poison Magic
 + Level 1.4 Evocations


You had 8 spell levels left.
You knew the following spells:

 Your Spells              Type           Power      Damage    Failure   Level
a - Sting                 Tmut/Pois      100%       1d8       1%          1
b - Poisonous Vapours     Pois/Air       74%        N/A       4%          2
c - Blink                 Tloc           38%        N/A       8%          2
d - Mephitic Cloud        Conj/Pois/Air  34%        N/A       11%         3
e - Passwall              Tmut/Erth      14%        N/A       9%          2

Your spell library contained the following spells:

 Spells                   Type           Power      Damage    Failure   Level
 Apportation              Tloc           38%        N/A       4%          1
 Spider Form              Tmut/Pois      46%        N/A       4%          3
 Lesser Beckoning         Tloc           19%        N/A       14%         3
 Swiftness                Air            19%        N/A       16%         3
 Olgreb's Toxic Radiance  Pois           47%        N/A       16%         4
 Animate Skeleton         Necr           10%        N/A       21%         1
 Freeze                   Ice            20%        1d4       21%         1
 Slow                     Hex            20%        N/A       21%         1
 Summon Small Mammal      Summ           20%        N/A       21%         1
 Ensorcelled Hibernation  Hex/Ice        10%        N/A       30%         2
 Confusing Touch          Hex            5%         N/A       52%         3
 Frozen Ramparts          Ice            10%        1d3       52%         3
 Vampiric Draining        Necr           5%         2d6       52%         3
 Hailstorm                Conj/Ice       11%        3d5       71%         4
 Manifold Assault         Tloc           19%        N/A       80%         5


Dungeon Overview and Level Annotations

Branches:
Dungeon (8/15)             Temple (1/1) D:5           Sewer (visited)
   Lair: D:8-11

Altars:
Ashenzari
Cheibriados
Dithmenos
Elyvilon
Fedhas
Gozag
Hepliaklqana
Kikubaaqudgha
Makhleb
Nemelex Xobeh
Okawaru
Qazlal
Ru
Sif Muna
Trog
Uskayaw
Vehumet
Wu Jian
Xom
Yredelemnul
Zin
The Shining One

Shops:
D:7 *

Annotations:
D:4 Grinder, Sigmund


Innate Abilities, Weirdness & Mutations

((You are very nimble when in or above water. (Stealth+, EV+, Speed+++)))
Your lower body shifts to a powerful aquatic tail in water.


Message History

The four-headed hydra bites you!
* * * LOW HITPOINT WARNING * * *
You feel much better.
You feel stable enough to blink again.
The four-headed hydra closely misses you.
The four-headed hydra bites you. The four-headed hydra bites you!
* * * LOW HITPOINT WARNING * * *
The four-headed hydra barely misses you.
Unknown command.
Casting: Blink (safe; 8% risk of failure)
Confirm with . or Enter, or press ? or * to list all spells.
Okay, then.
Casting: Blink (safe; 8% risk of failure)
Confirm with . or Enter, or press ? or * to list all spells.
You blink.
Casting: Blink (safe; 8% risk of failure)
Confirm with . or Enter, or press ? or * to list all spells.
Okay, then.
You feel stable enough to blink again.
Casting: Blink (safe; 8% risk of failure)
Confirm with . or Enter, or press ? or * to list all spells.
You blink.
The four-headed hydra closely misses you. x2
You block the four-headed hydra's attack.
The four-headed hydra bites you.
* * * LOW HITPOINT WARNING * * *
You feel stable enough to blink again. [a] - 348 gold - invisibility and might [b] - 540 gold - resistance and haste [c] - 294 gold - haste and brilliance Purchase which effect?
You no longer have enough gold to petition Gozag for potion effects.
You fade into invisibility!
You feel very mighty all of a sudden. The four-headed hydra bites you.
* * * LOW HITPOINT WARNING * * *
The four-headed hydra closely misses you.
The four-headed hydra barely misses you.
The four-headed hydra bites you!
You die...
Your body crumbles into a pile of gold.

.##....)................
..###......#............
.......#..##............
.....###..###.........###
.....................##.# # #
.............#.###.##...#...##
..###..##....#................
.####....##............#......
....#....###....@D.....#....#
........## ###...........# #
..##...## #.........###
...#...## #........##
...#....# ##.....###
#.##....## #.....# ###......#
#...### #.....### ##>.#
##....# ####


You could see a four-headed hydra (corroded).

Vanquished Creatures
  A wyvern (D:8)
  A steam dragon (D:8)
  2 water moccasins (D:7)
  A sky beast (D:6)
  2 orc warriors
  A black bear (D:6)
  A necrophage (D:4)
  An ogre (D:6)
  2 centaurs (D:6)
  8 kobold brigands
  3 bullfrogs
  2 gnoll sergeants
  A wyvern zombie (D:7)
  3 scorpions
  10 wights
  A howler monkey (D:6)
  Crazy Yiuf (D:5)
  2 hounds
  A centaur skeleton (D:5)
  A gnoll shaman (D:6)
  3 orc priests
  A jelly (D:6)
  4 iguanas
  Natasha (thrice) (D:4)
  4 orc wizards
  2 killer bee zombies
  A hound skeleton (D:4)
  15 gnolls
  12 adders
  A shadow imp (D:5)
  A white imp (D:6)
  An ufetubus (D:6)
  An adder zombie (D:5)
  A worm (D:2)
  The ghost of Redcow54321 the Covert, a weakling GnDe (D:6)
  14 orcs
  11 ball pythons
  9 endoplasms
  2 giant cockroaches
  6 goblins
  9 hobgoblins
  3 jackals (D:1)
  7 quokkas
  7 bats
  2 frilled lizards (D:3)
  28 kobolds
  11 rats
205 creatures vanquished.

Vanquished Creatures (others)
  A killer bee zombie (D:8)
  A fungus (Sewer)
  11 plants
13 creatures vanquished.

Grand Total: 218 creatures vanquished

Notes
Turn   | Place    | Note
-------+----------+-------------------------------------------
     0 | D:1      | Zonian the Merfolk Venom Mage began the quest for the Orb.
     0 | D:1      | Reached XP level 1. HP: 13/13 MP: 3/3
   356 | D:1      | Reached XP level 2. HP: 19/19 MP: 0/5
   734 | D:1      | Identified a scroll of acquirement
   734 | D:1      | Acquired the +9 staff of Olgreb {rPois∞}
   734 | D:1      | Found the +9 staff of Olgreb {rPois∞}
  1088 | D:2      | Reached XP level 3. HP: 18/24 MP: 4/6
  1894 | D:2      | Reached XP level 4. HP: 30/30 MP: 5/7
  1929 | D:2      | Acquired the ring "Resyox" {rF+ Int+4 Dex+2 SInv Stlth+}
  2045 | D:2      | Learned a level 2 spell: Poisonous Vapours
  3303 | D:3      | Learned a level 2 spell: Blink
  4009 | D:3      | Found an ancient bone altar of Kikubaaqudgha.
  4327 | D:3      | Reached XP level 5. HP: 35/35 MP: 6/8
  4609 | D:4      | Noticed Natasha
  4618 | D:4      | Killed Natasha
  4619 | D:4      | Reached skill level 1 in Staves
  4995 | D:4      | Noticed Natasha
  5208 | D:4      | Killed Natasha
  5237 | D:4      | Noticed Grinder
  6016 | D:4      | Noticed Natasha
  6030 | D:4      | Killed Natasha
  6287 | D:4      | Reached XP level 6. HP: 40/41 MP: 10/10
  6329 | D:5      | Entered Level 5 of the Dungeon
  6361 | D:5      | Found a glowing drain.
  6650 | Sewer    | Entered a sewer
  7213 | Sewer    | Reached skill level 1 in Translocations
  7311 | Sewer    | Learned a level 3 spell: Mephitic Cloud
  7647 | Sewer    | Reached XP level 7. HP: 33/46 MP: 4/11
  8625 | D:5      | Reached skill level 1 in Conjurations
  8647 | D:5      | Reached skill level 1 in Air Magic
  8964 | D:4      | Noticed Sigmund
  9200 | D:5      | Learned a level 1 spell: Slow
  9839 | D:5      | Reached XP level 8. HP: 52/52 MP: 13/13
 10285 | D:5      | Reached skill level 5 in Dodging
 10425 | D:5      | You fall into a shaft and drop 1 floor!
 10453 | D:6      | Reached skill level 5 in Poison Magic
 11218 | D:6      | Reached skill level 5 in Stealth
 11218 | D:6      | Reached skill level 5 in Transmutations
 12133 | D:6      | Reached XP level 9. HP: 51/57 MP: 15/15
 12668 | D:5      | Found a staircase to the Ecumenical Temple.
 12863 | D:5      | Found a runed translucent door.
 12864 | D:5      | Noticed Crazy Yiuf
 13499 | Temple   | Entered the Ecumenical Temple
 13623 | Temple   | Became a worshipper of Gozag Ym Sagoz the Greedy
 13699 | D:5      | Killed Crazy Yiuf
 13961 | D:6      | Identified the +1 leather armour of Reisuoze {Rampage}
 14238 | D:6      | Found a runed translucent gate.
 14551 | D:6      | Found a runed translucent gate.
 14552 | D:6      | Found a runed translucent gate.
 14553 | D:6      | Noticed Redcow54321's ghost (weakling GnDe)
 14579 | D:6      | Killed Redcow54321's ghost
 15962 | D:7      | Found Pinusiz's Practical Paraphernalia.
 16487 | D:7      | Learned a level 2 spell: Passwall
 17091 | D:8      | Reached skill level 1 in Evocations
 17091 | D:8      | Reached XP level 10. HP: 59/63 MP: 17/17
 17092 | D:8      | Reached skill level 1 in Shields
 17850 | D:8      | Noticed a four-headed hydra
 18384 | D:8      | Slain by a four-headed hydra

Illustrated notes

Levels and vault maps discovered:
D:1:      dpeg_arrival_pits, layout_rooms, serial_forest,
          infiniplex_forest_zigzag_1, infiniplex_forest_clump_small,
          infiniplex_forest_lined_3_way, infiniplex_forest_clump_medium,
          infiniplex_forest_end_3, infiniplex_forest_lined_2, minmay_box_of_dots
D:2:      layout_loops_cross, hex_large, minivault_11
D:3:      layout_basic, mainiacjoe_overflow_paths
D:4:      layout_cave_pools, serial_co_window_serial, co_window_corner_a,
          co_window_corner_a, co_window_corner_a, co_window_paths_a,
          co_window_paths_a, co_window_corner_a, co_window_2corner,
          co_window_cross_3, co_window_2corner, glass_columns_b,
          glass_columns_b, glass_columns_c, uniq_natasha, uniq_sigmund,
          uniq_grinder
D:5:      layout_loops_ring, minmay_temple_entry_stoned_glass,
          cheibrodos_sewer_entry_drain, uniq_crazy_yiuf_cottage
D:6:      layout_basic, ebering_ghost_rock_garden, hangedman_decor_growths,
          wad_rectangle_vault
D:7:      layout_basic, nicolae_alphabet_shops
D:8:      layout_cave_pools, minmay_misc_feat_diagonals, minmay_diamond_spiral
Temple:   compressed_dpeg_circular_temple

Skill      XL: |  1  2  3  4  5  6  7  8  9 10 |
---------------+-------------------------------+-----
Dodging        | 3 4 5 6 |  6.9
Transmutations | 2 3 4 5 6 |  6.0
Stealth        | 3 4 5 6 |  6.4
Staves         | 1 2 3 |  3.7
Poison Magic   | 4 5 6 |  6.2
Spellcasting   | 3 4 |  4.9
Translocations | 1 2 3 |  3.5
Conjurations   | 1 2 3 |  3.1
Air Magic      | 1 2 3 |  3.2
Evocations     | 1 |  1.4
Shields        | 1 |  1.3

Action                   |  1- 3 |  4- 6 |  7- 9 | 10-12 || total
-------------------------+-------+-------+-------+-------++-------
Melee: Unarmed           |    14 |       |       |       ||    14
       Staff             |    27 |    47 |   317 |    27 ||   418
       Dagger            |     7 |     4 |       |       ||    11
       Tailslap          |       |     1 |       |       ||     1
Throw: Dart              |       |     1 |       |       ||     1
 Cast: Sting             |    33 |   126 |    76 |       ||   235
       Poisonous Vapours |       |     2 |    12 |       ||    14
       Blink             |       |     2 |       |     4 ||     6
       Slow              |       |       |     3 |       ||     3
       Passwall          |       |       |     1 |       ||     1
Invok: Potion Petition   |       |       |       |     1 ||     1
 Abil: Evoke the Staff o |       |       |     5 |     3 ||     8
Evoke: Wand              |       |       |       |     5 ||     5
  Use: Scroll            |     3 |     9 |     7 |     2 ||    21
       Potion            |     1 |     3 |     5 |     1 ||    10
 Stab: Sleeping          |     2 |     5 |    13 |     1 ||    21
       Distracted        |       |       |     4 |     1 ||     5
Armor: Robe              |     8 |    12 |    14 |       ||    34
       Skin              |       |     2 |       |       ||     2
       Leather armour    |       |       |    81 |    10 ||    91
Dodge: Dodged            |    68 |    74 |   245 |    43 ||   430
Block: Buckler           |       |       |     5 |     9 ||    14

Table legend: (Time is in decaauts)
 A = Elapsed time spent in this place.
 B = Non-inter-level travel time spent in this place.
 C = Inter-level travel time spent in this place.
 D = Time resting spent in this place.
 E = Time spent auto-exploring this place.
 F = Levels seen in this place.
 G = Mean time per level.
                   A        B        C        D        E       F      G
               +--------+--------+--------+--------+--------+-----+--------+
         Total |  18266 |  17858 |    408 |  10545 |   3351 |  10 | 1826.6 |
       Dungeon |  16498 |  16114 |    384 |   9381 |   3280 |   8 | 2062.2 |
        Temple |    148 |    124 |     24 |      0 |     53 |   1 |  148.0 |
         Sewer |   1618 |   1618 |      0 |   1163 |     18 |   1 | 1618.0 |
               +--------+--------+--------+--------+--------+-----+--------+

Top non-repeatable levels by time:
     D:5: 3040 daAuts
     D:6: 2592 daAuts
     D:7: 2510 daAuts
     D:4: 1997 daAuts
     D:2: 1936 daAuts
     D:3: 1891 daAuts
   Sewer: 1618 daAuts
     D:1: 1278 daAuts
     D:8: 1251 daAuts
  Temple: 148 daAuts
